 Dungeon Crawl Stone Soup version 0.22.1-2-g9c5b331 (webtiles) character file.

210 Lilu the Charmwright (level 5, 0/31 HPs)
             Began as a Deep Elf Skald on Nov 27, 2018.
             Succumbed to an adder's poison
             ... on level 3 of the Dungeon.
             The game lasted 00:12:14 (3661 turns).

Lilu the Charmwright (Deep Elf Skald)               Turns: 3661, Time: 00:12:15

Health: 0/31       AC:  5    Str: 14    XL:     5   Next: 57%
Magic:  10/13      EV: 12    Int: 23    God:
Gold:   226        SH:  0    Dex: 14    Spells: 9/12 levels left

rFire    . . .     SeeInvis .   a - +0 falchion
rCold    . . .     Gourm    .   (no shield)
rNeg     . . .     Faith    .   c - +0 ring mail
rPois    .         Spirit   .   (no helmet)
rElec    .         Reflect  .   (no cloak)
rCorr    .         Harm     .   (no gloves)
MR       .....                  (no boots)
Stlth    +.........             (no amulet)
HPRegen  0.10/turn              h - ring of ice
MPRegen  0.13/turn              s - ring of fire

@: mighty, brilliant, lethally poisoned (0 -> -7), infused, very slightly
contaminated, invisible
A: no striking features
a: no special abilities


You were on level 3 of the Dungeon.
You were not hungry.

You visited 1 branch of the dungeon, and saw 4 of its levels.

You collected 226 gold pieces.

Inventory:

Hand Weapons
 a - a +0 falchion (weapon)
Missiles
 e - 71 arrows
 g - 20 poisoned needles
 j - 167 stones
 u - 6 javelins (quivered)
 v - 8 poisoned javelins
Armour
 c - a +0 ring mail (worn)
Jewellery
 h - a ring of ice (left hand)
 s - a ring of fire (right hand)
Scrolls
 b - a scroll of random uselessness {unknown}
 i - 2 scrolls of identify
 l - 2 scrolls of teleportation {unknown}
 o - 2 scrolls of remove curse
 t - a scroll of amnesia {unknown}
 w - a scroll of fog {unknown}
Potions
 k - a potion of brilliance
 n - a potion of agility {unknown}
 p - a potion of magic {unknown}
 r - a potion of mutation {unknown}
 x - a potion of cancellation {unknown}
Comestibles
 d - 2 rations
 q - a chunk of flesh


   Skills:
 + Level 2.3 Fighting
 * Level 3.1 Long Blades
 + Level 1.6 Armour
 + Level 3.3 Dodging
 + Level 4.1 Spellcasting
 + Level 5.3 Charms


You had 9 spell levels left.
You knew the following spells:

 Your Spells              Type           Power        Failure   Level  Hunger
a - Infusion              Chrm           ####         1%          1    None
b - Shroud of Golubria    Chrm/Tloc      ####......   1%          2    #......

Your spell library contained the following spells:

 Spells                   Type           Power        Failure   Level  Hunger
 Song of Slaying          Chrm           #####...     1%          2    #......
 Regeneration             Chrm/Necr      ####......   2%          3    ##.....
 Spectral Weapon          Hex/Chrm       ####....     2%          3    ##.....


Dungeon Overview and Level Annotations

Branches:
Dungeon (4/15)
 Temple: D:4-7

Altars:
Ashenzari
Qazlal
Sif Muna
Xom
Zin


Message History

* * * LOW HITPOINT WARNING * * *
You feel sick.
* * * LOW HITPOINT WARNING * * *
You feel sick.
* * * LOW HITPOINT WARNING * * *
You feel sick.
* * * LOW HITPOINT WARNING * * *
You feel sick.
There is a stone staircase leading up, spattered with blood here.
It was a potion of brilliance.
You feel clever all of a sudden. The orc hits you but does no damage.
It was a potion of invisibility.
You fade into invisibility!
* * * LOW HITPOINT WARNING * * *
You feel sick. The orc barely misses you.
You are very lightly contaminated with residual magic.
It was a potion of might.
You feel very mighty all of a sudden.
You die...

#....# ####.#..###
##.###### #....### #.#.##
#...##.. ###....#######
#...# ###.#...
.............###..##
#..... ###.##...###.....##
#..... #.####.####....###
##..... ###.#
#....#......#### #......
..#.#
##.............#####......
..#.#
#......)@.###....##......
..#.# #......)oo#
####.##...... ..#.#
#.........## ##..#......
..#.# ####.#.....##
#.....#...# ###.#
##.#.###..###..........
#...#######..#.#
##.#.).#######).
............##.###....#.#
##.
..############.......##.#
#. ..## #...####.##.# #.


You could see 2 orcs.

Vanquished Creatures
  An orc priest (D:3)
  Jessica (D:3)
  An orc wizard (D:2)
  5 adders
  A worm (D:2)
  A leopard gecko (D:1)
  3 orcs
  2 ball pythons (D:2)
  2 giant cockroaches
  9 goblins
  10 hobgoblins
  11 jackals
  A quokka (D:3)
  11 bats
  3 frilled lizards
  5 kobolds
  10 rats
77 creatures vanquished.

Notes
Turn   | Place    | Note
-------+----------+-------------------------------------------
     0 | D:1      | Lilu the Deep Elf Skald began the quest for the Orb.
     0 | D:1      | Reached XP level 1. HP: 12/12 MP: 6/6
   323 | D:1      | Reached XP level 2. HP: 14/17 MP: 5/8
   344 | D:1      | Reached skill level 1 in Armour
  1028 | D:1      | Reached XP level 3. HP: 14/21 MP: 5/9
  1204 | D:2      | Learned a level 2 spell: Shroud of Golubria
  1324 | D:2      | Found a deep blue altar of Sif Muna.
  1351 | D:2      | Found a shimmering altar of Xom.
  1354 | D:2      | Found a stormy altar of Qazlal.
  1357 | D:2      | Found a glowing silver altar of Zin.
  1388 | D:2      | Found a shattered altar of Ashenzari.
  2056 | D:2      | Reached XP level 4. HP: 20/26 MP: 5/11
  2874 | D:2      | Reached skill level 5 in Charms
  3075 | D:3      | Reached XP level 5. HP: 13/30 MP: 4/12
  3503 | D:3      | Noticed Jessica
  3511 | D:3      | Killed Jessica
  3660 | D:3      | HP: 1/31 [poisoned by an adder]
  3661 | D:3      | Succumbed to an adder's poison

Skill      XL: |  1  2  3  4  5 |
---------------+----------------+-----
Long Blades    | 2 3 |  3.1
Armour         | 1 |  1.6
Fighting       | 2 |  2.3
Dodging        | 3 |  3.3
Charms         | 5 |  5.3
Spellcasting   | 4 |  4.1

Action                   |  1- 3 |  4- 6 || total
-------------------------+-------+-------++-------
Melee: Falchion          |   141 |    79 ||   220
 Cast: Infusion          |    29 |    16 ||    45
       Shroud of Golubri |     4 |     3 ||     7
  Use: Scroll            |       |     3 ||     3
       Potion            |       |     3 ||     3
  Eat: Chunk             |     4 |     5 ||     9
Armor: Leather armour    |    10 |       ||    10
       Ring mail         |    34 |    31 ||    65
Dodge: Dodged            |    83 |    58 ||   141
       Rpst.: Falchion   |    24 |    15 ||    39
